 Dungeon Crawl Stone Soup version 0.31-a0-303-gdc8c9485ea (webtiles) character file.

Game seed: 16331584639463334001

1788 Hubjo the Trooper (level 8, -13/64 HPs)
             Began as a Demonspawn Shapeshifter on July 16, 2023.
             Was an Initiate of Nemelex Xobeh.
             Mangled by Maggie
             ... wielding the +4 quarterstaff of Goadoc {heavy, rN+ Will+ Int-3 Dex+5}
              (27 damage)
             ... on level 6 of the Dungeon.
             The game lasted 00:19:53 (10108 turns).

Hubjo the Trooper (Demonspawn Shapeshifter)        Turns: 10108, Time: 00:19:54

Health: -13/64     AC:  2    Str: 20    XL:     8   Next: 82%
Magic:  15/15      EV: 12    Int: 10    God:    Nemelex Xobeh [......]
Gold:   119        SH:  0    Dex: 13    Spells: 10/17 levels left

rFire   . .          .
                       - Unarmed
rCold   . . .        (no shield)
rNeg    . . .        a - +0 animal skin
rPois   .            (helmet currently unavailable)
rElec   .            (cloak currently unavailable)
rCorr   .            (gloves currently unavailable)
SInv    .            (boots currently unavailable)
Will    +....        e - amulet of magic regeneration
Stlth   +            m - ring of willpower
HPRegen 0.30/turn    (no ring)
MPRegen 0.68/turn

%: no passive effects
@: beast-form, mesmerised
A: beast (slay +1), antennae 2, magic regeneration, talons 2, strong 1
a: Begin Untransformation, Renounce Religion, Draw Escape, Draw Destruction,
Draw Summoning


You were on level 6 of the Dungeon.
You worshipped Nemelex Xobeh.
Nemelex Xobeh was noncommittal.
You were a hulking beast.
You visited 2 branches of the dungeon, and saw 7 of its levels.

You collected 330 gold pieces.
You spent 211 gold pieces at shops.

Inventory:

Hand Weapons
 o - a +6 dagger of speed
Missiles
 i - 4 curare-tipped darts (quivered)
Armour
 a - a +0 animal skin (worn)
Jewellery
 e - an amulet of magic regeneration (around neck)
 m - a ring of willpower (left hand)
Talismans
 c - a beast talisman
Wands
 b - a wand of paralysis (11)
 n - a wand of flame (23)
Scrolls
 d - a scroll of revelation {unknown}
 f - 2 scrolls of identify
 g - a scroll of vulnerability {unknown}
 h - a scroll of enchant armour
 j - 3 scrolls of silence
 k - 3 scrolls of enchant weapon
 p - a scroll of blinking
 q - a scroll of noise {unknown}
Potions
 l - 2 potions of attraction


   Skills:
 + Level 6.2 Fighting
 - Level 1.7 Dodging
 + Level 5.5 Unarmed Combat
 + Level 5.2 Spellcasting
 + Level 2.6 Hexes
 + Level 2.5 Summonings
 + Level 2.3 Ice Magic
 - Level 2.6 Shapeshifting


You had 10 spell levels left.
You knew the following spells:

 Your Spells              Type           Power      Damage    Failure   Level
a - Summon Guardian Gole  Hex/Summ       7%         N/A       22%         3
b - Summon Ice Beast      Ice/Summ       7%         N/A       63%         4

Your spell library contained the following spells:

 Spells                   Type           Power      Damage    Failure   Level
 Summon Small Mammal      Summ           28%        N/A       8%          1
 Call Canine Familiar     Summ           7%         N/A       24%         3
 Inner Flame              Hex/Fire       5%         N/A       36%         3
 Hailstorm                Conj/Ice       4%         3d4       38%         3
 Yara's Violent Unravell  Hex/Tmut       2%         3d3       98%         5
 Simulacrum               Ice/Necr       2%         N/A       100%        6
 Enfeeble                 Hex            3%         N/A       100%        7


Dungeon Overview and Level Annotations

Branches:
Dungeon (6/15)             Temple (1/1) D:5

Altars:
Ashenzari
Dithmenos
Hepliaklqana
Kikubaaqudgha
Makhleb
Nemelex Xobeh
Okawaru
Qazlal
Sif Muna
Uskayaw
Vehumet
Wu Jian
Yredelemnul

Shops:
D:4 :???

Annotations:
D:2 Robin
D:6 Maggie


Innate Abilities, Weirdness & Mutations

You are a hulking beast.
Your limbs bulge with bestial killing power. (Slay +1)
You have a pair of antennae on your head.
You regenerate magic rapidly.
You have razor-sharp toenails.
Your muscles are strong. (Str +4, Int/Dex -1)


Message History

Your ice beast hits Maggie.
Your ice beast freezes Maggie.
Maggie mumbles some strange words.
Maggie attempts to bespell you!
You are mesmerised by Maggie!
Your ice beast barely misses Maggie.
Maggie closely misses your ice beast.
Your ice beast barely misses Maggie.
Your ice beast hits Maggie but does no damage.
You see here a +0 trident.
Maggie hits your ice beast with the +4 quarterstaff of Goadoc {heavy, rN+ Will+ Int-3 Dex+5}!!
Your ice beast dies!
Your ice beast disappears in a puff of smoke!
Maggie casts a spell.
Maggie draws you further into her thrall.
Aiming: Throw Flame
Press: ? - help, Shift-Dir - straight line, f/p - Maggie
Aim: Maggie, wielding the +4 quarterstaff of Goadoc {heavy, rN+ Will+ Int-3 Dex+5} and wearing +0 steam dragon scales (almost dead, mesmerising, 68% to hit)
The puff of flame hits Maggie.
Maggie is almost dead.
Maggie practices a pose.
Maggie gestures at you while chanting. The bolt of fire hits you!!
* * * LOW HITPOINT WARNING * * *
Aiming: Throw Flame
Press: ? - help, Shift-Dir - straight line, f/p - Maggie
Aim: Maggie, wielding the +4 quarterstaff of Goadoc {heavy, rN+ Will+ Int-3 Dex+5} and wearing +0 steam dragon scales (almost dead, mesmerising, 68% to hit)
The puff of flame misses Maggie.
Aiming: Throw Flame
Press: ? - help, Shift-Dir - straight line, f/p - Maggie
Aim: Maggie, wielding the +4 quarterstaff of Goadoc {heavy, rN+ Will+ Int-3 Dex+5} and wearing +0 steam dragon scales (almost dead, mesmerising, 68% to hit)
The puff of flame hits Maggie.
Maggie is almost dead.
You hit Maggie.
Maggie is almost dead.
Maggie gestures wildly while chanting.
Maggie draws you further into her thrall.
You hit Maggie but do no damage.
Maggie is almost dead.
Maggie hits you with the +4 quarterstaff of Goadoc {heavy, rN+ Will+ Int-3 Dex+5}!!
You die...
Your body disappears without a glow.

.........[..###............#
...........###.............#
..........####.............#
..........# #.............##
.........## #............##
.........# #............#
........## #.......[...##
....[...# #...@......##
#..##...# ##..h.)...##
#####..## ##......## ##..#
###...## #...##### ##..#
##...##..### ##.# #
#....#.)...### #.## ###
##............####..# ###..
##...............###.# #....
.#..............####.###
#....


You could see Maggie (mesmerising).

Vanquished Creatures
  The ghost of bmack86 the Chopper, an amateur MiFi of Okawaru (D:4)
  A steam dragon (D:6)
  A water moccasin (D:6)
  A black bear (D:4)
  An ogre (D:5)
  A bullfrog (D:6)
  A wight (D:6)
  A jelly (D:6)
  9 orc priests
  2 hounds
  2 sleepcaps
  Jessica (D:3)
  2 iguanas
  4 orc wizards
  6 adders
  3 gnolls (D:3)
  A white imp (D:6)
  2 ufetubi
  3 dart slugs
  31 orcs
  6 endoplasms
  2 giant cockroaches
  8 hobgoblins
  5 jackals
  3 quokkas
  8 ball pythons
  4 bats
  3 frilled lizards (D:1)
  9 goblins
  6 kobolds
  5 rats
133 creatures vanquished.

Vanquished Creatures (collateral kills)
  A black bear (D:3)
  2 hobgoblins (D:3)
3 creatures vanquished.

Vanquished Creatures (others)
  4 wights (D:6)
4 creatures vanquished.

Grand Total: 140 creatures vanquished

Notes
Turn   | Place    | Note
-------+----------+-------------------------------------------
     0 | D:1      | Hubjo the Demonspawn Shapeshifter began the quest for the
                  | Orb.
     0 | D:1      | Reached XP level 1. HP: 16/16 MP: 1/1
   194 | D:1      | Gained mutation: You have a pair of small antennae on your
                  | head. [demonic ancestry]
   194 | D:1      | Reached XP level 2. HP: 18/22 MP: 2/2
   347 | D:1      | Reached skill level 1 in Spellcasting
   984 | D:2      | Gained mutation: You regenerate magic rapidly. [demonic
                  | ancestry]
   984 | D:2      | Reached XP level 3. HP: 28/28 MP: 4/4
  1314 | D:2      | Found an iron altar of Okawaru.
  1336 | D:2      | Identified the +0 helmet "Cautob" {rElec rF+ Will-}
  1336 | D:2      | Noticed Robin
  2053 | D:3      | Noticed a black bear
  2055 | D:3      | Found a faded altar of an unknown god.
  2077 | D:3      | Killed a black bear
  2078 | D:3      | Reached skill level 3 in Fighting
  2078 | D:3      | Reached XP level 4. HP: 35/35 MP: 5/7
  2078 | D:3      | Reached XP level 5. HP: 41/41 MP: 5/8
  2285 | D:3      | Noticed Jessica
  2294 | D:3      | Killed Jessica
  2652 | D:3      | Reached skill level 4 in Fighting
  2667 | D:3      | Reached XP level 6. HP: 42/48 MP: 10/10
  3227 | D:4      | Found a radiant altar of Vehumet.
  3678 | D:4      | Gained mutation: Your muscles are strong. (Str +4, Int/Dex
                  | -1) [potion of mutation]
  3678 | D:4      | Gained mutation: You have sharp toenails. [potion of
                  | mutation]
  3678 | D:4      | Gained mutation: You have razor-sharp toenails. [potion of
                  | mutation]
  3680 | D:4      | HP: 1/49 [orc/+0 trident (4)]
  3858 | D:4      | Found Ulaussedd's Book Emporium.
  4014 | D:4      | Reached XP level 7. HP: 55/55 MP: 12/12
  4055 | D:4      | Found a runed translucent door.
  4055 | D:4      | Noticed bmack86's ghost (amateur MiFi)
  4062 | D:4      | Found Ekucw's Magic Scroll Boutique.
  4077 | D:4      | Bought a scroll of teleportation for 30 gold pieces
  4077 | D:4      | Bought a scroll of blinking for 75 gold pieces
  4077 | D:4      | Bought a scroll of fear for 40 gold pieces
  4077 | D:4      | Bought a scroll of fear for 40 gold pieces
  4111 | D:4      | Found Sawesuna's Magic Scroll Shop.
  4323 | D:4      | Found Kuoxke Anuax's Magic Scroll Shop.
  4329 | D:4      | Bought a scroll of identify for 26 gold pieces
  4516 | D:4      | Killed bmack86's ghost
  4517 | D:4      | Reached skill level 5 in Fighting
  4694 | D:5      | Entered Level 5 of the Dungeon
  5384 | D:5      | HP: 1/56 [ogre/+0 giant club (33)]
  5869 | D:4      | Learned a level 3 spell: Summon Guardian Golem
  5874 | D:4      | Learned a level 4 spell: Summon Ice Beast
  7343 | D:4      | Reached skill level 5 in Unarmed Combat
  7343 | D:4      | Gained mutation: You have a pair of antennae on your head.
                  | [demonic ancestry]
  7343 | D:4      | Reached XP level 8. HP: 57/63 MP: 14/14
  7535 | D:5      | Reached skill level 1 in Summonings
  7746 | D:4      | Reached skill level 1 in Hexes
  7819 | D:5      | Found a staircase to the Ecumenical Temple.
  7849 | Temple   | Entered the Ecumenical Temple
  7878 | Temple   | Became a worshipper of Nemelex Xobeh the Trickster
  8182 | D:6      | Reached skill level 1 in Ice Magic
  8529 | D:6      | Noticed Maggie
  8962 | D:6      | Reached skill level 6 in Fighting
  9649 | D:6      | Reached skill level 5 in Spellcasting
 10058 | D:6      | Identified the +4 quarterstaff of Goadoc {heavy, rN+ Will+
                  | Int-3 Dex+5}
 10108 | D:6      | Mangled by Maggie

Illustrated notes

Levels and vault maps discovered:
D:1:      nicolae_arrival_washed_ashore, layout_loops_cross, minmay_unequal
D:2:      layout_loops_ring, basic_altar, kennysheep_generic_room_16, uniq_robin
D:3:      layout_loops_ring, chequers_ecumenical_altar_island,
          kennysheep_cluttered_room, uniq_jessica
D:4:      layout_basic, overflow_temple_1_default, serial_shops,
          nicolae_shop_tiny_real_fake_doors, shop, shop, shop,
          hellmonk_ghost_happy_afterlife
D:5:      layout_rooms, minmay_temple_entry_overgrown, glass_columns_a
D:6:      layout_cave_pods, cheibriados_altar_1, uniq_maggie
Temple:   hellmonk_temple_two_chambers

Skill      XL: |  1  2  3  4  5  6  7  8 |
---------------+-------------------------+-----
Unarmed Combat | 2 3 4 5 |  5.5
Spellcasting   | 1 2 3 4 5 |  5.2
Fighting       | 3 4 5 6 |  6.2
Summonings     | 2 |  2.5
Hexes          | 2 |  2.6
Ice Magic      | 2 |  2.3
Dodging        | |  1.7
Shapeshifting  | |  2.6

Action                     |  1- 3 |  4- 6 |  7- 9 || total
---------------------------+-------+-------+-------++-------
  Melee: Unarmed           |   118 |   136 |   222 ||   476
         Punch             |     3 |     6 |     2 ||    11
         Kick              |       |     2 |    72 ||    74
  Throw: Dart              |     1 |       |     3 ||     4
   Cast: Summon Guardian G |       |       |     5 ||     5
         Summon Ice Beast  |       |       |     1 ||     1
  Evoke: Wand              |       |     3 |     6 ||     9
    Use: Scroll            |     5 |     2 |     7 ||    14
         Potion            |       |     9 |     4 ||    13
   Stab: Sleeping          |     2 |       |       ||     2
         Paralysed         |       |       |     6 ||     6
 Armour: Animal skin       |     8 |    13 |    21 ||    42
         Skin              |       |    15 |       ||    15
  Dodge: Dodged            |    74 |    83 |   147 ||   304
         Form:             |     1 |       |       ||     1
         Beast             |       |     1 |       ||     1

Table legend: (Time is in decaauts)
 A = Elapsed time spent in this place.
 B = Non-inter-level travel time spent in this place.
 C = Inter-level travel time spent in this place.
 D = Time resting spent in this place.
 E = Time spent auto-exploring this place.
 F = Levels seen in this place.
 G = Mean time per level.
                   A        B        C        D        E       F      G
               +--------+--------+--------+--------+--------+-----+--------+
         Total |  10093 |   9789 |    304 |   3483 |   4940 |   7 | 1441.9 |
       Dungeon |  10060 |   9787 |    273 |   3483 |   4940 |   6 | 1676.7 |
        Temple |     33 |      2 |     31 |      0 |      0 |   1 |   33.0 |
               +--------+--------+--------+--------+--------+-----+--------+

Top non-repeatable levels by time:
     D:4: 3278 daAuts
     D:3: 2259 daAuts
     D:6: 1993 daAuts
     D:2: 983 daAuts
     D:1: 959 daAuts
     D:5: 585 daAuts
  Temple: 33 daAuts
